 Dungeon Crawl Stone Soup version 0.30-a0-743-gbfdf073431 (webtiles) character file.

Game seed: 9810146717116468789

878 bmack86 the Chopper (level 7, -2/61 HPs)
             Began as a Minotaur Fighter on Feb 6, 2023.
             Succumbed to a water moccasin's poison
             ... on level 6 of the Dungeon.
             The game lasted 00:08:45 (4483 turns).

bmack86 the Chopper (Minotaur Fighter)              Turns: 4483, Time: 00:08:46

Health: -2/61      AC: 24    Str: 22    XL:     7   Next: 75%
Magic:  2/6        EV:  3    Int:  5    God:
Gold:   261        SH:  5    Dex: 10    Spells: 6/6 levels left

rFire   . . .      SeeInvis .    a - +1 war axe (protect)
rCold   . . .      Faith    .    c - +0 buckler
rNeg    . . .      Spirit   +    k - +0 crystal plate armour
rPois   .          Reflect  .    (helmet restricted)
rElec   .          Harm     .    (no cloak)
rCorr   .          Rampage  .    (no gloves)
Will    .....                    (no boots) Stlth
                                 n - amulet of guardian spirit
HPRegen 0.30/turn                (no ring)
MPRegen 0.10/turn                (no ring)

@: lethally poisoned (-2 -> -42), under a protective aura, slowed, very slow
A: horns 2, retaliatory headbutt
a: no special abilities


You were on level 6 of the Dungeon.
You visited 1 branch of the dungeon, and saw 6 of its levels.

You collected 261 gold pieces.

Inventory:

Hand Weapons
 a - a +1 war axe of protection (weapon)
Missiles
 l - 12 poisoned darts (quivered)
 o - a throwing net
 s - 4 boomerangs
Armour
 b - a +0 scale mail
 c - a +0 buckler (worn)
 k - a +0 crystal plate armour (worn)
Jewellery
 n - an amulet of guardian spirit (around neck)
Wands
 p - a wand of digging (6)
Scrolls
 g - 4 scrolls of teleportation
 i - a scroll of noise
Potions
 d - a potion of might
 e - a potion of haste
 f - 2 potions of heal wounds
 h - 2 potions of berserk rage
 j - 5 potions of curing
 m - a potion of lignification
 q - a potion of mutation {unknown}


   Skills:
 + Level 5.5 Fighting
 * Level 6.7 Axes
 + Level 2.9 Throwing
 + Level 5.7 Armour
 + Level 5.6 Shields


You had 6 spell levels left.
You didn't know any spells.
Your spell library contained the following spells:

 Spells                   Type           Power      Damage    Failure   Level
 Gell's Gravitas          Tloc           0%         N/A       100%        3
 Ozocubu's Armour         Ice            0%         N/A       100%        3
 Teleport Other           Tloc           0%         N/A       100%        3
 Manifold Assault         Tloc           0%         N/A       100%        4
 Metabolic Englaciation   Hex/Ice        0%         N/A       100%        5
 Dispersal                Tloc           0%         N/A       100%        6
 Simulacrum               Ice/Necr       0%         N/A       100%        6
 Disjunction              Tloc           0%         N/A       100%        8


Dungeon Overview and Level Annotations

Branches:
Dungeon (6/15)
 Temple: D:4-7

Altars:
Ashenzari


Innate Abilities, Weirdness & Mutations

You have a pair of horns on your head.
You reflexively headbutt those who attack you in melee.


Message History

Things that are here:
a +0 short sword; an orc corpse 2 kobolds come into view.
A kobold is wielding a +0 dagger and quivering poisoned darts.
You feel very sick.
The kobold shouts! x2; You hear a shout!
The bullfrog hits you.
The water moccasin bites you but does no damage.
The bullfrog hits you but does no damage.
The bullfrog attacks as you move away! The bullfrog barely misses you.
A kobold comes into view. It is wielding a +0 club.
You feel very sick.
The water moccasin bites you but does no damage.
The kobold brigand throws a curare-tipped dart.
The curare-tipped dart hits you.
You are more poisoned.
You have difficulty breathing.
You feel yourself slow down. You block the water moccasin's attack.
You closely miss the water moccasin. You headbutt the water moccasin.
The water moccasin is heavily wounded.
You closely miss the bullfrog.
You feel extremely sick.
The bullfrog hits you but does no damage.
The water moccasin completely misses you.
The bullfrog hits you but does no damage.
The kobold brigand throws a curare-tipped dart.
The curare-tipped dart hits you.
You are lethally poisoned!
You have difficulty breathing.
* * * LOW HITPOINT WARNING * * *
You feel as though you will be slow longer.
The water moccasin bites you.
* * * LOW HITPOINT WARNING * * *
You are more poisoned.
The water moccasin poisons you! You block the bullfrog's attack.
You barely miss the water moccasin.
The water moccasin is heavily wounded.
You slash the bullfrog!
Your weapon exudes an aura of protection.
You die...

.####.#.....#.#
.......<......#
.<............#
..............#
..............#
....#.........##
.........$......
##+###.S).##.###
#.@F....#
..........####
..K.......+
..##......# .
#KK....#
........+
.........#
.........#


You could see a water moccasin, a kobold brigand, a bullfrog and 2 kobolds.

Vanquished Creatures
  An ice beast (D:5)
  A phantom (D:4)
  A bullfrog (D:5)
  A scorpion (D:5)
  6 hounds
  A jelly (D:5)
  A gnoll bouda (D:5)
  An orc priest (D:3)
  An iguana (D:5)
  2 orc wizards (D:5)
  Robin (D:3)
  6 gnolls
  3 adders
  A shadow imp (D:5)
  3 worms (D:2)
  3 dart slugs
  20 orcs
  2 endoplasms
  6 giant cockroaches
  19 goblins
  13 hobgoblins
  2 jackals (D:4)
  A quokka (D:1)
  9 ball pythons
  4 bats
  3 frilled lizards
  6 kobolds
  9 rats
127 creatures vanquished.

Vanquished Creatures (others)
  24 plants (D:3)
24 creatures vanquished.

Grand Total: 151 creatures vanquished

Notes
Turn   | Place    | Note
-------+----------+-------------------------------------------
     0 | D:1      | bmack86 the Minotaur Fighter began the quest for the Orb.
     0 | D:1      | Reached XP level 1. HP: 19/19 MP: 0/0
   108 | D:1      | Reached XP level 2. HP: 27/27 MP: 1/1
   203 | D:1      | Reached skill level 3 in Axes
   949 | D:1      | Reached XP level 3. HP: 33/33 MP: 2/2
  1005 | D:2      | Found a faded altar of an unknown god.
  1532 | D:2      | Reached XP level 4. HP: 40/40 MP: 3/3
  1924 | D:3      | Identified the +2 leather armour of Bufefeaw {-Cast rCorr
                  | Str+2 Dex+3}
  2090 | D:3      | Noticed Robin
  2094 | D:3      | Killed Robin
  2095 | D:3      | Reached skill level 4 in Axes
  2104 | D:3      | Reached skill level 1 in Throwing
  2175 | D:3      | Reached XP level 5. HP: 39/46 MP: 4/4
  2952 | D:4      | Noticed a phantom
  2963 | D:4      | Killed a phantom
  2964 | D:4      | Reached skill level 5 in Axes
  2964 | D:4      | Reached XP level 6. HP: 53/53 MP: 5/5
  3353 | D:4      | Found a broken altar of Ashenzari.
  3512 | D:5      | Entered Level 5 of the Dungeon
  3530 | D:5      | Reached skill level 5 in Armour
  3530 | D:5      | Reached skill level 5 in Shields
  3555 | D:5      | Noticed an ice beast
  3564 | D:5      | Killed an ice beast
  3586 | D:5      | Reached skill level 5 in Fighting
  3586 | D:5      | Reached XP level 7. HP: 46/61 MP: 4/6
  3921 | D:5      | Reached skill level 6 in Axes
  4483 | D:6      | Succumbed to a water moccasin's poison

Illustrated notes

Levels and vault maps discovered:
D:1:      psy_arrival_radial01, layout_basic, minmay_curled_crystal
D:2:      layout_basic, chequers_ecumenical_altar_simple
D:3:      layout_loops_ring, serial_bayou, serial_bayou_ford_a,
          serial_bayou_pond_a, serial_bayou_pond_e, serial_bayou_shore_a,
          serial_bayou_lagoon_a, uniq_robin
D:4:      minmay_inner_zag, layout_basic, mainiacjoe_overflow_paths,
          minmay_goblin_outpost
D:5:      layout_loops_corners
D:6:      layout_basic, uniq_maggie

Skill      XL: |  1  2  3  4  5  6  7 |
---------------+----------------------+-----
Axes           | 3 4 5 6 |  6.7
Armour         | 4 5 |  5.7
Shields        | 4 5 |  5.6
Fighting       | 4 5 |  5.5
Throwing       | 1 2 |  2.9

Action                     |  1- 3 |  4- 6 |  7- 9 || total
---------------------------+-------+-------+-------++-------
  Melee: War axe           |    88 |   134 |    53 ||   275
         Headbutt          |    16 |    18 |    10 ||    44
  Throw: Dart              |       |     1 |     4 ||     5
    Use: Scroll            |     3 |     5 |     1 ||     9
 Armour: Scale mail        |    19 |       |       ||    19
         Crystal plate arm |    43 |   111 |    73 ||   227
  Dodge: Dodged            |    29 |    25 |    11 ||    65
  Block: Buckler           |    22 |    33 |    19 ||    74

Table legend: (Time is in decaauts)
 A = Elapsed time spent in this place.
 B = Non-inter-level travel time spent in this place.
 C = Inter-level travel time spent in this place.
 D = Time resting spent in this place.
 E = Time spent auto-exploring this place.
 F = Levels seen in this place.
 G = Mean time per level.
                   A        B        C        D        E       F      G
               +--------+--------+--------+--------+--------+-----+--------+
         Total |   4603 |   4467 |    136 |      0 |   3304 |   6 |  767.2 |
       Dungeon |   4603 |   4467 |    136 |      0 |   3304 |   6 |  767.2 |
               +--------+--------+--------+--------+--------+-----+--------+

Top non-repeatable levels by time:
     D:1: 979 daAuts
     D:5: 962 daAuts
     D:2: 935 daAuts
     D:3: 890 daAuts
     D:4: 812 daAuts
     D:6: 23 daAuts
